AoeStats
← KK

Golden Pit

507192228Analyzed
1v1 RM · 16d ago on Sep 17, 2026· 39m 53s· 2 players
Game mode
Random Map
Map size
Tiny (2 player)
Population
200
Speed
Normal
Resources
Standard
Victory
Conquest
Starting age
Dark Age
Ending age
Imperial Age
RankedLock teamsTeams togetherTeam positionsShared explorationLock speedFull tech treeHidden civsTurbo modeCheats
Victory
Defeat
🇨🇳 Khitans · China
1663
+24
🇺🇸 Mapuche · United States
1861
-24
Lord Brosiah
7:06 Loom
9:23 Feudal Age
9:50 Horse Collar
9:57 Double-Bit Axe
11:06 Fletching
11:02 Horse Collar
24:08 Castle Age
22:39 Gold Mining
22:42 Stone Mining
25:09 Bow Saw
24:56 Bodkin Arrow
25:48 Town Watch
26:04 Gold Mining
29:31 Padded Archer Armor
30:02 Elite Skirmisher
31:55 Ballistics
32:34 Wheelbarrow
38:20 Leather Archer Armor
KK
5:58 Loom
8:54 Feudal Age
9:23 Double-Bit Axe
9:48 Domestication
13:46 Forging
14:38 Scale Barding Armor
16:59 Wheelbarrow
23:05 Castle Age
21:45 Gold Mining
21:46 Stone Mining
23:07 Fletching
23:11 Heavy Cavalry Archer
23:47 Bodkin Arrow
24:03 Bow Saw
24:54 Husbandry
26:57 Pastoralism
26:59 Town Watch
27:35 Hand Cart
33:08 Thumb Ring
41:34 Imperial Age
Connection lost

Rejoining the realm…

Still unreachable

The connection could not be restored.

Session expired

The server has moved on; the page needs a fresh start.